 Dungeon Crawl Stone Soup version 0.28-a0-687-gb91baff9cc (webtiles) character file.

Game seed: 13848459972708940391

4727 Irenicus the Geomancer (level 10, 0/75 HPs)
             Began as a Deep Dwarf Earth Elementalist on Oct 19, 2021.
             Was a Priest of Makhleb.
             Slain by a two-headed ogre (6 damage)
             ... on level 9 of the Dungeon.
             The game lasted 00:34:36 (4556 turns).

Irenicus the Geomancer (DDEE)                       Turns: 4556, Time: 00:34:37

Health: 0/75       AC: 11    Str: 12    XL:     10   Next: 22%
Magic:  6/22       EV: 12    Int: 19    God:    Makhleb [***...]
Gold:   385        SH:  0    Dex: 13    Spells: 17/25 levels left

rFire   . . .      SeeInvis .   y - +2 dagger (elec)
rCold   . . .      Faith    .   (no shield)
rNeg    . . .      Spirit   .   c - +0 leather armour
rPois   .          Reflect  .   d - +0 helmet
rElec   .          Harm     .   B - +0 cloak
rCorr   +          Rampage  .   a - +0 pair of gloves
Will    +....                   n - +0 pair of boots
Stlth   ++........              (no amulet)
HPRegen 0.00/turn               T - +4 ring of protection
MPRegen 0.18/turn               R - ring of resist corrosion

@: no status effects
A: damage resistance, heal wounds, sense surroundings 2, no regeneration
a: Heal Wounds, Renounce Religion, Minor Destruction, Lesser Servant of Makhleb


You were on level 9 of the Dungeon.
You worshipped Makhleb.
Makhleb was most pleased with you.
You visited 2 branches of the dungeon, and saw 10 of its levels.

You collected 385 gold pieces.


Innate Abilities, Weirdness & Mutations

You are resistant to damage.
You can heal yourself by infusing magical energy.
You passively map the area around you.
You do not regenerate.


   Skills:
 - Level 2.5 Armour
 - Level 2.1 Dodging
 - Level 2.4 Stealth
 - Level 8.3 Spellcasting
 - Level 3.0 Conjurations
 - Level 2.2 Translocations
 - Level 0.8 Transmutations
 - Level 13.8 Earth Magic
 + Level 2.0 Evocations


You had 17 spell levels left.
You knew the following spells:

 Your Spells              Type           Power      Damage    Failure   Level
t - Stone Arrow           Conj/Erth      78%        3d11      1%          3
w - Passwall              Tmut/Erth      29%        N/A       1%          2
z - Sandblast             Erth           100%       2d20      1%          1
B - Blink                 Tloc           N/A        N/A       7%          2

Your spell library contained the following spells:

 Spells                   Type           Power      Damage    Failure   Level
 Petrify                  Tmut/Erth      35%        N/A       5%          4
 Pain                     Necr           28%        1d5       12%         1
 Lesser Beckoning         Tloc           16%        N/A       14%         3
 Corpse Rot               Necr/Air       14%        N/A       17%         2
 Poisonous Vapours        Pois/Air       14%        N/A       17%         2
 Manifold Assault         Tloc           16%        N/A       77%         5
 Agony                    Necr           7%         N/A       97%         5
 Excruciating Wounds      Necr           3%         N/A       97%         5

Inventory:

Hand Weapons
 b - a +2 dagger of draining
 j - a +2 dagger of protection
 y - a +2 dagger of electrocution (weapon)
Missiles
 f - 45 stones
 r - 2 throwing nets {=f}
 u - a curare-tipped dart {=f}
Armour
 a - a +0 pair of gloves (worn)
 c - a +0 leather armour (worn)
 d - a +0 helmet (worn)
 n - a +0 pair of boots (worn)
 B - a +0 cloak (worn)
Jewellery
 R - a ring of resist corrosion (right hand)
 T - a +4 ring of protection (left hand)
Wands
 k - a wand of charming (7)
 w - a wand of paralysis (1)
 x - a wand of acid (18)
Scrolls
 h - 2 scrolls of immolation {unknown}
 m - 2 scrolls of amnesia {unknown}
 o - 2 scrolls of enchant armour {unknown}
 p - 3 scrolls of noise {unknown}
 t - a scroll of fog {unknown}
 A - a scroll of identify {@r1}
Potions
 e - a potion of attraction
 g - a potion of mutation {unknown}
 i - 5 potions of flight
 l - a potion of curing {@q1}
 q - a potion of cancellation
 s - 3 potions of brilliance {unknown}
 v - a potion of invisibility {unknown}
 z - a potion of magic {unknown}

Dungeon Overview and Level Annotations

Branches:
Dungeon (9/15)             Temple (1/1) D:4
   Lair: D:8-11         Orc: D:9-12

Altars:
Ashenzari
Cheibriados
Dithmenos
Elyvilon
Fedhas
Gozag
Hepliaklqana
Kikubaaqudgha
Makhleb
Nemelex Xobeh
Okawaru
Qazlal
Ru
Sif Muna
Trog
Uskayaw
Vehumet
Wu Jian
Xom
Yredelemnul
Zin
The Shining One

Shops:
D:7 [

Annotations:
D:3 Terence
D:4 3 runed translucent doors, Nikola2751's ghost, amateur MiMo; vogonpoet's ghost, novice GnTm
D:5 Edmund
D:7 3 runed translucent doors, MirrMurr's ghost, novice GnHu

* .. , , ,, .....##.# ####
** #..##.......>.........#
#... ##..#.
...........##.#.. #...
.....##...............###.##
,,,....#
...............#...# * *#..#
..................#
#)####.................#
##..#.#..............###
#..).#@..#.........##
#.....#O.##(......###
####..##.##.........##
#..)##.............#
##...#.)...........#
###...............#
#..............##
##............##
##>.........##


You could see a two-headed ogre.


Message History

Press: ? - help, Shift-Dir - straight line, f - two-headed ogre
Aim: a two-headed ogre, wielding a +0 dire flail and a +0 giant spiked club (lightly wounded, 86% to hit)
The bolt of acid hits the orc!!
You kill the orc!
Makhleb accepts your kill.
You feel better.
The bolt of acid hits the two-headed ogre!
The two-headed ogre is moderately wounded.
You are no longer poisoned.
Aiming: Corrosive Bolt
Press: ? - help, Shift-Dir - straight line, f/p - two-headed ogre
Aim: a two-headed ogre, wielding a +0 dire flail and a +0 giant spiked club (moderately wounded, 86% to hit)
The bolt of acid hits the two-headed ogre!
The two-headed ogre is heavily wounded.
The two-headed ogre hits you with a +0 dire flail!!
* * * LOW HITPOINT WARNING * * *
The two-headed ogre hits you with a +0 giant spiked club!
* * * LOW HITPOINT WARNING * * *
Found a stone staircase leading down.
Casting: Sandblast (safe; 1% risk of failure)
Confirm with . or Enter, or press ? or * to list all spells.
Aiming: Stone Arrow (safe; 1% risk of failure)
Press: ? - help, Shift-Dir - straight line, f/p - two-headed ogre
Aim: a two-headed ogre, wielding a +0 dire flail and a +0 giant spiked club (heavily wounded, 88% to hit)
The stone arrow hits the two-headed ogre!!
The two-headed ogre is severely wounded.
The two-headed ogre hits you with a +0 dire flail!
* * * LOW HITPOINT WARNING * * *
The two-headed ogre hits you with a +0 giant spiked club!
You die...

Skill      XL: |  1  2  3  4  5  6  7  8  9 10 |
---------------+-------------------------------+-----
Earth Magic    | 5 6 7 9 10 12 13 | 13.8
Spellcasting   | 2 3 8 |  8.3
Conjurations   | 3 |  3.0
Armour         | 1 2 |  2.5
Translocations | 1 2 |  2.2
Evocations     | 2 |  2.0
Dodging        | |  2.1
Stealth        | |  2.4
Transmutations | |  0.8

Action                   |  1- 3 |  4- 6 |  7- 9 | 10-12 || total
-------------------------+-------+-------+-------+-------++-------
Melee: Dagger            |    67 |    51 |    41 |       ||   159
       Unarmed           |     5 |       |       |       ||     5
 Cast: Sandblast         |    41 |    45 |   119 |    11 ||   216
       Passwall          |     1 |    19 |     5 |       ||    25
       Stone Arrow       |       |    17 |    23 |     3 ||    43
 Abil: Heal Wounds       |     1 |     1 |       |       ||     2
Evoke: Wand              |       |       |     4 |     4 ||     8
  Use: Scroll            |       |     5 |       |       ||     5
       Potion            |       |     5 |       |       ||     5
 Stab: Sleeping          |     4 |     2 |       |       ||     6
       Paralysed         |       |       |     3 |       ||     3
Armor: Robe              |    31 |     6 |       |       ||    37
       Leather armour    |       |    18 |    63 |     5 ||    86
Dodge: Dodged            |    71 |    26 |    68 |     9 ||   174

Levels and vault maps discovered:
D:1:      moated_graveyard_arrival, layout_rooms,
          ebering_ecumenical_altar_ruins, chequers_serial_rivers_micro_a,
          chequers_garden
D:2:      layout_loops_ring, uniq_robin
D:3:      layout_basic, st_stairs_10, serial_bayou_lagoon_b, uniq_terence
D:4:      layout_gridville, minmay_temple_entry_statues_fountains,
          gammafunk_ghost_cemetery, dk_noncrumbling_4
D:5:      layout_basic, serial_glass, glass_columns_a, glass_columns_a,
          item_on_display_a, feat_on_display, feat_on_display, uniq_edmund
D:6:      layout_loops_corners, lexackson_kobold_supper
D:7:      nzn_winding_woodlands_small [nzn_winding_woodlands_5x15_cabin,
          nzn_winding_woodlands_center_lodge,
          nzn_winding_woodlands_5x15_parted], layout_loops_corners,
          mainiacjoe_overflow_24_doors, serial_shops, nicolae_stop_n_shop_1,
          ebering_ghost_rock_garden
D:8:      layout_rooms, minmay_misc_feat_tower
D:9:      layout_cave_pools, serial_column_ruins, column_ruins_columns_straight,
          column_ruins_open_tiny, column_ruins_open_small
Temple:   kilobyte_greek_temple

Notes
Turn   | Place    | Note
-------+----------+-------------------------------------------
     0 | D:1      | Irenicus the Deep Dwarf Earth Elementalist began the quest
                  | for the Orb.
     0 | D:1      | Reached XP level 1. HP: 15/15 MP: 3/3
    95 | D:1      | You fall into a shaft and drop 1 floor!
   184 | D:2      | Reached XP level 2. HP: 22/22 MP: 0/4
   219 | D:2      | Reached skill level 5 in Earth Magic
   407 | D:2      | Reached XP level 3. HP: 15/28 MP: 0/5
   437 | D:2      | Noticed Robin
   450 | D:2      | Killed Robin
   451 | D:2      | Reached skill level 6 in Earth Magic
   584 | D:3      | Learned a level 2 spell: Passwall
   676 | D:2      | Reached XP level 4. HP: 26/36 MP: 0/6
   714 | D:2      | Learned a level 3 spell: Stone Arrow
   888 | D:3      | Noticed Terence
  1209 | D:4      | Reached skill level 7 in Earth Magic
  1220 | D:3      | HP: 2/36 [acid (3)]
  1238 | D:3      | Reached XP level 5. HP: 18/42 MP: 0/7
  1381 | D:4      | Found a runed translucent gate.
  1381 | D:4      | Found a runed translucent gate.
  1381 | D:4      | Found a runed translucent gate.
  1388 | D:4      | Noticed an ogre
  1394 | D:4      | Killed an ogre
  1395 | D:4      | Reached skill level 8 in Earth Magic
  1422 | D:4      | Found a staircase to the Ecumenical Temple.
  1433 | Temple   | Entered the Ecumenical Temple
  1472 | Temple   | Became a worshipper of Makhleb the Destroyer
  1665 | D:4      | Reached skill level 9 in Earth Magic
  1665 | D:4      | Reached XP level 6. HP: 21/49 MP: 2/8
  1826 | D:4      | Noticed Nikola2751's ghost (amateur MiMo)
  1827 | D:4      | Noticed vogonpoet's ghost (novice GnTm)
  2050 | D:5      | Entered Level 5 of the Dungeon
  2087 | D:5      | Reached * piety under Makhleb
  2106 | D:5      | Reached skill level 10 in Earth Magic
  2110 | D:5      | Identified a potion of resistance
  2297 | D:5      | Noticed Edmund
  2522 | D:6      | Reached XP level 7. HP: 14/55 MP: 5/9
  2567 | D:6      | Reached skill level 11 in Earth Magic
  2696 | D:6      | Reached skill level 2 in Spellcasting
  2888 | D:6      | Reached skill level 12 in Earth Magic
  3118 | D:6      | Reached ** piety under Makhleb
  3194 | D:7      | Found a runed translucent gate.
  3194 | D:7      | Found a runed translucent gate.
  3202 | D:7      | Reached XP level 8. HP: 37/62 MP: 6/11
  3202 | D:7      | Found a runed translucent gate.
  3203 | D:7      | Noticed MirrMurr's ghost (novice GnHu)
  3228 | D:7      | Reached skill level 13 in Earth Magic
  3379 | D:7      | Found a glowing silver altar of Zin.
  3390 | D:7      | Reached skill level 1 in Conjurations
  3444 | D:7      | Reached skill level 3 in Spellcasting
  3444 | D:7      | Reached skill level 2 in Conjurations
  3532 | D:7      | Found Wetuor's Antique Armour Emporium.
  3535 | D:7      | Reached skill level 3 in Conjurations
  3741 | D:7      | Gained mutation: You passively map the area around you.
                  | [Deep Dwarf growth]
  3741 | D:7      | Reached XP level 9. HP: 55/68 MP: 9/14
  3744 | D:7      | Reached skill level 4 in Spellcasting
  3784 | D:7      | Noticed a kobold demonologist
  3790 | D:7      | Killed a kobold demonologist
  3791 | D:7      | Reached skill level 5 in Spellcasting
  3829 | D:7      | Noticed a cyclops
  3848 | D:7      | Killed a cyclops
  3849 | D:7      | Reached skill level 6 in Spellcasting
  4123 | D:8      | Reached skill level 7 in Spellcasting
  4140 | D:8      | Paralysed by a kobold brigand for 7 turns
  4255 | D:8      | Reached *** piety under Makhleb
  4356 | D:9      | Noticed a deep elf pyromancer
  4419 | D:9      | Reached skill level 8 in Spellcasting
  4451 | D:9      | Learned a level 2 spell: Blink
  4469 | D:9      | Killed a deep elf pyromancer
  4470 | D:9      | Reached skill level 1 in Armour
  4470 | D:9      | Reached skill level 1 in Translocations
  4470 | D:9      | Reached XP level 10. HP: 72/75 MP: 10/22
  4512 | D:9      | Reached skill level 2 in Armour
  4529 | D:9      | Reached skill level 2 in Translocations
  4535 | D:9      | Noticed a two-headed ogre
  4540 | D:9      | Reached skill level 1 in Evocations
  4544 | D:9      | Reached skill level 2 in Evocations
  4556 | D:9      | HP: 6/75 [two-headed ogre (10)]
  4556 | D:9      | Slain by a two-headed ogre

Vanquished Creatures
  A deep elf pyromancer (D:9)
  A cyclops (D:7)
  A centaur zombie (D:7)
  A kobold demonologist (D:7)
  A wyvern (D:9)
  A shadow (D:9)
  A sky beast (D:7)
  2 water moccasins
  A black bear (D:6)
  An orc warrior (D:8)
  An ice beast (D:7)
  A necrophage (D:8)
  An ogre (D:4)
  4 kobold brigands
  2 scorpions (D:6)
  A wyvern skeleton (D:7)
  15 killer bees
  6 wights (D:7)
  A howler monkey (D:7)
  2 jellies
  A gnoll shaman (D:8)
  4 hounds
  5 orc priests
  A bullfrog skeleton (D:6)
  6 orc wizards
  2 iguanas
  A hound skeleton (D:4)
  Robin (D:2)
  4 gnolls (D:8)
  2 adders
  A shadow imp (D:5)
  A white imp (D:5)
  An ufetubus (D:5)
  An adder skeleton (D:4)
  2 worms (D:2)
  34 orcs
  A bat (D:2)
  6 endoplasms
  2 giant cockroaches
  9 hobgoblins
  4 jackals (D:2)
  20 kobolds
  A quokka (D:2)
  4 ball pythons
  A frilled lizard (D:6)
  16 goblins
  6 rats
182 creatures vanquished.

Vanquished Creatures (collateral kills)
  A yak (D:7)
1 creature vanquished.

Vanquished Creatures (others)
  7 plants (D:6)
  6 withered plants (D:4)
13 creatures vanquished.

Grand Total: 196 creatures vanquished

Table legend: (Time is in decaauts)
 A = Elapsed time spent in this place.
 B = Non-inter-level travel time spent in this place.
 C = Inter-level travel time spent in this place.
 D = Time resting spent in this place.
 E = Time spent auto-exploring this place.
 F = Levels seen in this place.
 G = Mean time per level.
                   A        B        C        D        E       F      G
               +--------+--------+--------+--------+--------+-----+--------+
         Total |   4571 |   4415 |    156 |      0 |     50 |  10 |  457.1 |
       Dungeon |   4493 |   4361 |    132 |      0 |     50 |   9 |  499.2 |
        Temple |     77 |     53 |     24 |      0 |      0 |   1 |   77.0 |
               +--------+--------+--------+--------+--------+-----+--------+

Top non-repeatable levels by time:
     D:7: 830 daAuts
     D:6: 682 daAuts
     D:4: 665 daAuts
     D:2: 655 daAuts
     D:3: 572 daAuts
     D:5: 460 daAuts
     D:8: 329 daAuts
     D:9: 202 daAuts
     D:1: 95 daAuts
  Temple: 77 daAuts

Table legend:
 A = Non-vault XP
 B = Vault XP
 C = Vault XP percentage of total XP
 D = Non-vault monster count
 E = Vault monster count
 F = Vault count percentage of total count
                 A         B        C        D         E       F
            +---------+---------+-------+---------+---------+-------
      Total |    5221 |    1532 |  22.7 |     149 |      34 |  18.6
            +---------+---------+-------+---------+---------+-------
        D:1 |       4 |       0 |   0.0 |       2 |       0 |   0.0
        D:2 |      56 |      37 |  39.8 |      21 |      13 |  38.2
        D:3 |      73 |       3 |   3.9 |      15 |       2 |  11.8
        D:4 |     325 |       0 |   0.0 |      20 |       0 |   0.0
        D:5 |     168 |       0 |   0.0 |      15 |       0 |   0.0
        D:6 |     622 |     101 |  14.0 |      11 |       8 |  42.1
        D:7 |    1438 |    1391 |  49.2 |      24 |      11 |  31.4
        D:8 |     753 |       0 |   0.0 |      22 |       0 |   0.0
        D:9 |    1782 |       0 |   0.0 |      19 |       0 |   0.0
            +---------+---------+-------+---------+---------+-------
